SAAA
PENNSAUKEN FLYERS @ SALT LAKE CITY BUZZ
08/10/2028
 
TOP OF THE 1ST
Pennsauken Flyers batting - Pitching for Salt Lake City Buzz : RHP Pedro Espinoza
Pitching: RHP Pedro Espinoza
Batting: LHB Vinski Prifti 0-0: Called Strike
0-1: Ground out 4-3 (Groundball, 4M)
Batting: LHB Pedro Corona 0-0: Ball
1-0: Ball
2-0: Ball
3-0: Called Strike
3-1: Foul Ball, location: 2F
3-2: Foul Ball, location: 2F
3-2: Base on Balls
Batting: RHB José Rodríguez 0-0: Ball
1-0: SINGLE (Groundball, 56D)
Pedro Corona to second
Batting: RHB Byron Isaacson 0-0: Ball
1-0: Ball
2-0: Ball
3-0: Base on Balls
Pedro Corona to third
José Rodríguez to second
Batting: LHB Ignacio Martínez 0-0: Foul Ball, location: 2F
0-1: Ball
1-1: Fly out, F9 (Flyball, 89S)
Batting: RHB Artie Miller 0-0: Foul Ball, location: 2F
0-1: Ball
Wild Pitch!
Pedro Corona scores
José Rodríguez to third
Byron Isaacson to second
1-1: Fly out, F4 (Popup, 34D)
Top of the 1st over - 1 run(s), 1 hit(s), 0 error(s), 2 left on base; Pennsauken 1 - Salt Lake City 0
BOTTOM OF THE 1ST
Salt Lake City Buzz batting - Pitching for Pennsauken Flyers : LHP Bernie Sanders
Pitching: LHP Bernie Sanders
Batting: RHB Alejandro Herrera 0-0: Foul Ball, location: 2F
0-1: Ball
1-1: Foul Ball, location: 2F
1-2: Strikes out swinging
Batting: RHB Jung-hwan Kwon 0-0: SOLO HOME RUN (Flyball, 7D), Distance : 407 ft
Batting: RHB Justin MacPherson 0-0: Fly out, F1 (Line Drive, 13)
Batting: LHB Qi-zhen Loong 0-0: Called Strike
0-1: Fly out, F8 (Flyball, 8RM)
Bottom of the 1st over - 1 run(s), 1 hit(s), 0 error(s), 0 left on base; Pennsauken 1 - Salt Lake City 1
TOP OF THE 2ND
Pennsauken Flyers batting - Pitching for Salt Lake City Buzz : RHP Pedro Espinoza
Batting: RHB Roy McFerran 0-0: Ball
1-0: Called Strike
1-1: Swinging Strike
1-2: Hit by Pitch
Batting: LHB Francisco Ortega 0-0: Ball
1-0: Foul Ball, location: 2F
1-1: Ball
2-1: Foul Ball, location: 2F
2-2: Strikes out swinging
Batting: RHB Marc Beck 0-0: Called Strike
0-1: Ball
1-1: SINGLE (Groundball, 34D)
Roy McFerran to second
Throwing error, E9
Roy McFerran scores
Marc Beck to second
Batting: LHB Vinski Prifti 0-0: Called Strike
0-1: Foul Ball, location: 2F
0-2: Ball
1-2: Fly out, F6 (Line Drive, 6)
Batting: LHB Pedro Corona 0-0: Ball
1-0: Foul Ball, location: 2F
1-1: Fly out, F7 (Flyball, 7S)
Top of the 2nd over - 1 run(s), 1 hit(s), 1 error(s), 1 left on base; Pennsauken 2 - Salt Lake City 1
BOTTOM OF THE 2ND
Salt Lake City Buzz batting - Pitching for Pennsauken Flyers : LHP Bernie Sanders
Batting: LHB Randy Schlosser 0-0: Ball
1-0: Ball
2-0: Swinging Strike
2-1: Ball
3-1: Foul Ball, location: 2F
3-2: Strikes out swinging
Batting: RHB Thom Wilcox 0-0: Ball
1-0: Called Strike
1-1: Ball
2-1: Ball
3-1: Swinging Strike
3-2: Strikes out swinging
Batting: SHB Pablo Coloa 0-0: Called Strike
0-1: Foul Ball, location: 2F
0-2: Ball
1-2: Foul Ball, location: 2F
1-2: Foul Ball, location: 2F
1-2: Foul Ball, location: 2F
1-2: Foul Ball, location: 2F
1-2: Ground out 5-3 (Groundball, 56S)
Bottom of the 2nd over - 0 run(s), 0 hit(s), 0 error(s), 0 left on base; Pennsauken 2 - Salt Lake City 1
TOP OF THE 3RD
Pennsauken Flyers batting - Pitching for Salt Lake City Buzz : RHP Pedro Espinoza
Batting: RHB José Rodríguez 0-0: Ball
1-0: DOUBLE (Line Drive, 7LM)
Batting: RHB Byron Isaacson 0-0: Ball
1-0: Ball
2-0: Ball
3-0: Base on Balls
Batting: LHB Ignacio Martínez 0-0: Foul Ball, location: 2F
0-1: Ball
1-1: Grounds into double play, 4-6-3 (Groundball, 4)
José Rodríguez to third
Batting: RHB Artie Miller 0-0: Ball
1-0: Foul Ball, location: 2F
1-1: Swinging Strike
1-2: Foul Ball, location: 2F
1-2: Ball
2-2: Foul Ball, location: 2F
2-2: Ball
3-2: Foul Ball, location: 2F
3-2: SINGLE (Flyball, 9S)
José Rodríguez scores
Batting: RHB Roy McFerran 0-0: Ball
1-0: Ball
2-0: Ball
3-0: Base on Balls
Artie Miller to second
Batting: LHB Francisco Ortega 0-0: Fly out, F2 (Popup, 23)
Top of the 3rd over - 1 run(s), 2 hit(s), 0 error(s), 2 left on base; Pennsauken 3 - Salt Lake City 1
BOTTOM OF THE 3RD
Salt Lake City Buzz batting - Pitching for Pennsauken Flyers : LHP Bernie Sanders
Batting: LHB Roberto Soto 0-0: Ball
1-0: Foul Ball, location: 2F
1-1: Ball
2-1: Ground out 6-3 (Groundball, 6)
Batting: RHB Quigley Gibson 0-0: Ground out 5-3 (Groundball, 56S)
Batting: RHB Alejandro Herrera 0-0: Called Strike
0-1: Foul Ball, location: 2F
0-2: Ball
1-2: Ground out 4-3 (Groundball, 4)
Bottom of the 3rd over - 0 run(s), 0 hit(s), 0 error(s), 0 left on base; Pennsauken 3 - Salt Lake City 1
TOP OF THE 4TH
Pennsauken Flyers batting - Pitching for Salt Lake City Buzz : RHP Pedro Espinoza
Batting: RHB Marc Beck 0-0: Foul Ball, location: 2F
0-1: Bunt - Flyout! F1
Batting: LHB Vinski Prifti 0-0: Ball
1-0: Called Strike
1-1: SINGLE (Groundball, 2L) (infield hit)
Batting: LHB Pedro Corona 0-0: Ground out 3-1 (Groundball, 3)
Vinski Prifti to second
Batting: RHB José Rodríguez 0-0: Foul Ball, location: 2F
0-1: SINGLE (Line Drive, 9LM)
Vinski Prifti to third
Runner from 3rd tries for Home, SAFE, no throw
Batting: RHB Byron Isaacson 0-0: Swinging Strike
0-1: Swinging Strike
0-2: Ball
1-2: Fly out, F6 (Line Drive, 6D)
Top of the 4th over - 1 run(s), 2 hit(s), 0 error(s), 1 left on base; Pennsauken 4 - Salt Lake City 1
BOTTOM OF THE 4TH
Salt Lake City Buzz batting - Pitching for Pennsauken Flyers : LHP Bernie Sanders
Batting: RHB Jung-hwan Kwon 0-0: Foul Ball, location: 2F
0-1: Fly out, F8 (Flyball, 8RS)
Batting: RHB Justin MacPherson 0-0: Ball
1-0: Fly out, F5 (Line Drive, 5S)
Batting: LHB Qi-zhen Loong 0-0: Called Strike
0-1: Ball
1-1: Ground out 4-3 (Groundball, 4M)
Bottom of the 4th over - 0 run(s), 0 hit(s), 0 error(s), 0 left on base; Pennsauken 4 - Salt Lake City 1
TOP OF THE 5TH
Pennsauken Flyers batting - Pitching for Salt Lake City Buzz : RHP Pedro Espinoza
Batting: LHB Ignacio Martínez 0-0: Ball
1-0: SINGLE (Flyball, 8RM)
Batting: RHB Artie Miller 0-0: Bunt missed!
0-1: Bunted foul
0-2: Ball
1-2: Fly out, F9 (Flyball, 89D)
Batting: RHB Roy McFerran 0-0: Foul Ball, location: 2F
0-1: Ball
1-1: Swinging Strike
1-2: Foul Ball, location: 2F
1-2: Ball
2-2: SINGLE (Flyball, 34D)
Ignacio Martínez to second
Runner from 2nd tries for 3rd, SAFE, throw made to third
Batting: LHB Francisco Ortega 0-0: Called Strike
0-1: Ball
Wild Pitch!
Ignacio Martínez scores
Roy McFerran to second
1-1: Fly out, F7 (Flyball, 7LS)
Batting: RHB Marc Beck 0-0: Ground out 4-3 (Groundball, 4)
Top of the 5th over - 1 run(s), 2 hit(s), 0 error(s), 1 left on base; Pennsauken 5 - Salt Lake City 1
BOTTOM OF THE 5TH
Salt Lake City Buzz batting - Pitching for Pennsauken Flyers : LHP Bernie Sanders
Batting: LHB Randy Schlosser 0-0: Called Strike
0-1: Ball
1-1: Ball
2-1: Foul Ball, location: 2F
2-2: Ball
3-2: Strikes out swinging
Batting: RHB Thom Wilcox 0-0: Ball
1-0: Foul Ball, location: 2F
1-1: Ball
2-1: Foul Ball, location: 2F
2-2: Fly out, F8 (Flyball, 8LM)
Batting: SHB Pablo Coloa 0-0: Ball
1-0: Called Strike
1-1: Ball
2-1: Ground out 4-3 (Groundball, 4)
Bottom of the 5th over - 0 run(s), 0 hit(s), 0 error(s), 0 left on base; Pennsauken 5 - Salt Lake City 1
TOP OF THE 6TH
Pennsauken Flyers batting - Pitching for Salt Lake City Buzz : RHP Pedro Espinoza
Batting: LHB Vinski Prifti 0-0: TRIPLE (Line Drive, 8LD)
Batting: LHB Pedro Corona 0-0: Foul Ball, location: 2F
0-1: Called Strike
0-2: Ball
1-2: Ball
2-2: Ball
3-2: Ground out U3 (Groundball, 3S)
Vinski Prifti scores
Pitching: LHP Roberto De La Cruz
Batting: RHB José Rodríguez 0-0: Called Strike
0-1: Ball
1-1: Ground out 5-3 (Groundball, 5)
Batting: RHB Byron Isaacson 0-0: Called Strike
0-1: Ball
1-1: Foul Ball, location: 2F
1-2: Ball
2-2: SOLO HOME RUN (Line Drive, 7D), Distance : 401 ft
Batting: LHB Ignacio Martínez 0-0: Ball
1-0: Foul Ball, location: 2F
1-1: Ball
2-1: DOUBLE (Line Drive, 9LM)
Batting: RHB Artie Miller 0-0: Fly out, F3 (Popup, 3D)
Top of the 6th over - 2 run(s), 3 hit(s), 0 error(s), 1 left on base; Pennsauken 7 - Salt Lake City 1
BOTTOM OF THE 6TH
Salt Lake City Buzz batting - Pitching for Pennsauken Flyers : LHP Bernie Sanders
Batting: LHB Roberto Soto 0-0: Foul Ball, location: 2F
0-1: Fly out, F5 (Popup, 56S)
Batting: RHB Quigley Gibson 0-0: Ball
1-0: Ball
2-0: Fly out, F4 (Line Drive, 4)
Batting: RHB Alejandro Herrera 0-0: Foul Ball, location: 2F
0-1: Fly out, F7 (Flyball, 7)
Bottom of the 6th over - 0 run(s), 0 hit(s), 0 error(s), 0 left on base; Pennsauken 7 - Salt Lake City 1
TOP OF THE 7TH
Pennsauken Flyers batting - Pitching for Salt Lake City Buzz : LHP Roberto De La Cruz
Batting: RHB Roy McFerran 0-0: Called Strike
0-1: Fly out, F2 (Popup, 3S)
Batting: LHB Francisco Ortega 0-0: Ball
1-0: Foul Ball, location: 2F
1-1: Ball
2-1: Swinging Strike
2-2: Ground out 3-1 (Groundball, 23)
Batting: RHB Marc Beck 0-0: Foul Ball, location: 2F
0-1: Ball
1-1: Ball
2-1: Ball
3-1: Base on Balls
Batting: LHB Vinski Prifti 0-0: Swinging Strike
0-1: Hit by Pitch
Marc Beck to second
Batting: LHB Pedro Corona 0-0: Swinging Strike
0-1: Ball
1-1: Foul Ball, location: 2F
1-2: Ball
2-2: Ground out 6-3 (Groundball, 6S)
Top of the 7th over - 0 run(s), 0 hit(s), 0 error(s), 2 left on base; Pennsauken 7 - Salt Lake City 1
BOTTOM OF THE 7TH
Salt Lake City Buzz batting - Pitching for Pennsauken Flyers : LHP Bernie Sanders
Batting: RHB Jung-hwan Kwon 0-0: Ball
1-0: Ball
2-0: Called Strike
2-1: Swinging Strike
2-2: Strikes out swinging
Batting: RHB Justin MacPherson 0-0: Ground out 4-3 (Groundball, 4)
Batting: LHB Qi-zhen Loong 0-0: Fly out, F6 (Popup, 6D)
Bottom of the 7th over - 0 run(s), 0 hit(s), 0 error(s), 0 left on base; Pennsauken 7 - Salt Lake City 1
TOP OF THE 8TH
Pennsauken Flyers batting - Pitching for Salt Lake City Buzz : LHP Roberto De La Cruz
Batting: RHB José Rodríguez 0-0: Ball
1-0: Fly out, F5 (Line Drive, 5S)
Pitching: LHP Léonard Moreau
Batting: RHB Byron Isaacson 0-0: Foul Ball, location: 2F
0-1: Swinging Strike
0-2: Foul Ball, location: 2F
0-2: Fly out, F8 (Line Drive, 78M)
Batting: LHB Ignacio Martínez 0-0: Ball
1-0: Ball
2-0: Ball
3-0: Base on Balls
Batting: RHB Artie Miller 0-0: Ball
1-0: Foul Ball, location: 2F
1-1: Ball
2-1: Foul Ball, location: 2F
2-2: Strikes out swinging
Top of the 8th over - 0 run(s), 0 hit(s), 0 error(s), 1 left on base; Pennsauken 7 - Salt Lake City 1
BOTTOM OF THE 8TH
Salt Lake City Buzz batting - Pitching for Pennsauken Flyers : LHP Bernie Sanders
Batting: LHB Randy Schlosser 0-0: Foul Ball, location: 2F
0-1: Ball
1-1: Ground out 1-3 (Groundball, 13S)
Batting: RHB Thom Wilcox 0-0: Called Strike
0-1: Called Strike
0-2: Strikes out swinging
Batting: SHB Pablo Coloa 0-0: Ball
1-0: Ball
2-0: Called Strike
2-1: Swinging Strike
2-2: Ball
3-2: Strikes out swinging
Bottom of the 8th over - 0 run(s), 0 hit(s), 0 error(s), 0 left on base; Pennsauken 7 - Salt Lake City 1
TOP OF THE 9TH
Pennsauken Flyers batting - Pitching for Salt Lake City Buzz : LHP Léonard Moreau
Batting: RHB Roy McFerran 0-0: Called Strike
0-1: Ball
1-1: Ball
2-1: Ball
3-1: Foul Ball, location: 2F
3-2: Ground out 1-3 (Groundball, 15S)
Batting: LHB Francisco Ortega 0-0: Ball
1-0: Fly out, F7 (Line Drive, 7)
Batting: RHB Marc Beck 0-0: Fly out, F4 (Line Drive, 34D)
Top of the 9th over - 0 run(s), 0 hit(s), 0 error(s), 0 left on base; Pennsauken 7 - Salt Lake City 1
BOTTOM OF THE 9TH
Salt Lake City Buzz batting - Pitching for Pennsauken Flyers : LHP Bernie Sanders
Batting: LHB Roberto Soto 0-0: Swinging Strike
0-1: Foul Ball, location: 2F
0-2: SINGLE (Flyball, 7S)
Batting: RHB Quigley Gibson 0-0: Called Strike
0-1: Ball
1-1: Called Strike
1-2: Foul Ball, location: 2F
1-2: Ball
2-2: Strikes out swinging
Batting: RHB Alejandro Herrera 0-0: Ball
1-0: Called Strike
1-1: Ball
2-1: Foul Ball, location: 2F
2-2: Strikes out swinging
Batting: RHB Jung-hwan Kwon 0-0: Fielders Choice at 2nd, 6-4 (Groundball, 6)
Bottom of the 9th over - 0 run(s), 1 hit(s), 0 error(s), 0 left on base; Pennsauken 7 - Salt Lake City 1
Wednesday, August 23rd, 2017 - OOTP Baseball 17.12 Build 75